 Dungeon Crawl Stone Soup version 0.24.0-13-gcf9b319 (webtiles) character file.

Game seed: 11552062189880607858, levelgen mode: deterministic

1929 ubername the Cleaver (level 9, -7/79 HPs)
             Began as a Hill Orc Monk on May 4, 2020.
             Was a Believer of Wu Jian.
             Mangled by an orc warrior
             ... wielding a +0 war axe
              (18 damage)
             ... on level 8 of the Dungeon.
             The game lasted 00:17:30 (7819 turns).

ubername the Cleaver (Hill Orc Monk)                Turns: 7819, Time: 00:17:30

Health: -7/79      AC: 13    Str: 17    XL:     9   Next: 17%
Magic:  9/9        EV:  6    Int: 10    God:    Wu Jian [**....]
Gold:   431        SH:  2    Dex: 13    Spells: 8/8 levels left

rFire    . . .     SeeInvis .   a - +1 broad axe
rCold    + . .     Gourm    .   (no shield)
rNeg     . . .     Faith    .   v - +0 plate armour
rPois    .         Spirit   .   (no helmet)
rElec    .         Reflect  +   d - +0 cloak
rCorr    .         Harm     .   (no gloves)
MR       .....                  (no boots)
Stlth    ..........             b - +2 amulet of reflection
HPRegen  0.23/turn              s - ring of protection from cold
MPRegen  0.11/turn              m - ring of stealth

@: no status effects
A: no striking features
a: Wall Jump, Renounce Religion


You were on level 8 of the Dungeon.
You worshipped Wu Jian.
Wu Jian was pleased with you.
You were not hungry.

You visited 2 branches of the dungeon, and saw 9 of its levels.

You collected 431 gold pieces.

Inventory:

Hand Weapons
 a - a +1 broad axe (weapon)
Missiles
 g - 8 boomerangs (quivered)
Armour
 d - a +0 cloak (worn)
 i - the +1 robe "Qiucs" {Int+2}
   (You found it on level 7 of the Dungeon)

   It affects your intelligence (+2).
 v - a +0 plate armour (worn)
Jewellery
 b - a +2 amulet of reflection (around neck)
 j - an uncursed ring of fire
 m - a ring of stealth (right hand)
 n - an uncursed amulet of regeneration
 s - a ring of protection from cold (left hand)
 u - an uncursed amulet of magic regeneration
Wands
 o - a wand of flame (20)
 p - a wand of iceblast (7)
Scrolls
 h - 2 scrolls of teleportation
 k - 4 scrolls of remove curse
 l - a scroll of identify
 q - a scroll of blinking
 r - a scroll of fog
 t - a scroll of vulnerability {unknown}
Potions
 e - a potion of might
 f - a potion of invisibility {unknown}
Comestibles
 c - 12 rations
 w - 11 chunks of flesh


   Skills:
 + Level 7.0 Fighting
 + Level 11.2 Axes
 + Level 5.7 Armour
 + Level 3.6 Dodging
 + Level 2.2 Stealth


You had 8 spell levels left.
You didn't know any spells.
Your spell library was empty.

Dungeon Overview and Level Annotations

Branches:
Dungeon (8/15)             Temple (1/1) D:6
   Lair: D:8-11

Altars:
Dithmenos
Fedhas
Okawaru
Ru
Wu Jian
Xom
Yredelemnul
Zin


Message History

The orc warrior completely misses you.
You barely miss the orc warrior.
The orc warrior hits you with a +0 war axe!
You slash the orc warrior!
The orc warrior is heavily wounded.
You hit the orc warrior but do no damage.
The orc warrior is heavily wounded.
The orc warrior hits you with a +0 war axe!
You hit the orc warrior but do no damage.
The orc warrior is heavily wounded.
The orc warrior hits you with a +0 war axe.
* * * LOW HITPOINT WARNING * * *
You closely miss the orc warrior.
The orc warrior is heavily wounded.
The orc warrior hits you with a +0 war axe!
* * * LOW HITPOINT WARNING * * *
You spin and attack the orc warrior.
You slash the orc warrior!
The orc warrior is almost dead.
The orc warrior hits you with a +0 war axe!!
You die...

+.....................#...
#.....................+...
#.....................####
.....##'###+###'####+##......
.....#...#...#........#......
.....#...'...'......>.#......
.....######..##########......
..........#..###.##....)#####
.........'o@.....#.....#....
.........#.......#.....+....
.........#.......#.....#>...
.........######..#.....####.
..#####.......#..##'#.....#'
#.))....#.....+.....#.
#.......#.....#.....#.
#.......###+###...<.#.
##....####..........#.


You could see an orc warrior (pinned).

Vanquished Creatures
  Sigmund (D:3)
  A spriggan (D:7)
  A hungry ghost (D:7)
  A steam dragon (D:7)
  3 ogres
  2 centaurs
  A big kobold (D:7)
  3 bullfrogs
  A scorpion (D:6)
  2 crimson imps
  A jelly (D:7)
  3 hounds
  A centaur skeleton (D:5)
  3 orc wizards (D:8)
  An iguana (D:5)
  2 bullfrog skeletons
  2 worker ants (D:5)
  A howler monkey zombie (D:5)
  4 gnolls
  8 adders
  A shadow imp (D:5)
  4 oozes
  4 adder zombies
  2 worms
  3 dart slugs (D:1)
  5 leopard geckos
  7 orcs
  4 bats
  2 giant cockroaches
  7 goblins
  8 hobgoblins
  5 jackals
  2 quokkas
  A ball python (D:1)
  4 frilled lizards (D:1)
  2 gnoll zombies (D:4)
  16 kobolds
  A quokka zombie (D:8)
  6 rats
126 creatures vanquished.

Notes
Turn   | Place    | Note
-------+----------+-------------------------------------------
     0 | D:1      | ubername the Hill Orc Monk began the quest for the Orb.
     0 | D:1      | Reached XP level 1. HP: 19/19 MP: 1/1
   130 | D:1      | Reached XP level 2. HP: 25/27 MP: 2/2
   391 | D:1      | Reached XP level 3. HP: 13/33 MP: 3/3
   726 | D:1      | HP: 1/33 [gnoll/+0 spear (4)]
   734 | D:1      | HP: 1/33 [hobgoblin (1)]
   960 | D:1      | Reached skill level 5 in Axes
  1112 | D:2      | Reached XP level 4. HP: 34/41 MP: 4/4
  2336 | D:3      | You fall into a shaft and drop 2 floors!
  2336 | D:5      | Entered Level 5 of the Dungeon
  2344 | D:5      | Reached skill level 1 in Armour
  2344 | D:5      | Reached XP level 5. HP: 32/47 MP: 5/5
  2462 | D:5      | Noticed a centaur
  2471 | D:5      | Killed a centaur
  2471 | D:5      | Reached skill level 6 in Axes
  2627 | D:5      | Reached skill level 5 in Fighting
  2627 | D:5      | Reached XP level 6. HP: 43/56 MP: 6/6
  2855 | D:3      | Noticed Sigmund
  2868 | D:3      | Killed Sigmund
  3284 | D:3      | Found a blossoming altar of Fedhas.
  3873 | D:4      | Reached skill level 7 in Axes
  3873 | D:4      | Reached XP level 7. HP: 57/61 MP: 7/7
  3937 | D:4      | Found a sacrificial altar of Ru.
  4089 | D:4      | Found a basalt altar of Yredelemnul.
  4187 | D:5      | Found an iron altar of Okawaru.
  4252 | D:5      | Reached skill level 8 in Axes
  4983 | D:6      | Found a staircase to the Ecumenical Temple.
  4996 | Temple   | Entered the Ecumenical Temple
  5058 | Temple   | Became a worshipper of the Wu Jian Council
  5058 | Temple   | Reached * piety under Wu Jian
  5058 | Temple   | Reached ** piety under Wu Jian
  5241 | D:6      | Reached XP level 8. HP: 68/70 MP: 8/8
  5439 | D:6      | Reached skill level 9 in Axes
  6384 | D:7      | Reached skill level 10 in Axes
  6638 | D:7      | Reached skill level 5 in Armour
  6903 | D:7      | Got a brightly glowing robe
  6927 | D:7      | Identified the +1 robe "Qiucs" {Int+2} (You found it on
                  | level 7 of the Dungeon)
  7012 | D:7      | Reached XP level 9. HP: 75/78 MP: 9/9
  7238 | D:7      | Reached skill level 11 in Axes
  7443 | D:8      | Found a shadowy altar of Dithmenos.
  7819 | D:8      | Mangled by an orc warrior

Levels and vault maps discovered:
D:1:      dpeg_arrival_prison, layout_basic
D:2:      layout_loops_ring
D:3:      layout_basic, serial_bayou, serial_bayou_pond_e, serial_bayou_shore_a,
          serial_bayou_ford_a, serial_bayou_pond_a, grunt_ministairs_8,
          hex_medium, fedhas_ov_isle_minmay, uniq_sigmund
D:4:      minmay_polygon_palace, layout_gridville,
          lemuel_zombie_altar_yredelemnul, nicolae_overflow_crystal_walls
D:5:      layout_loops_ring, kennysheep_okawaru_gauntlet, first_ration
D:6:      layout_loops_cross, minmay_temple_entry_trees
D:7:      layout_basic, the_bakery, minmay_statues_item
D:8:      layout_gridville, gammafunk_temple_overflow_forgotten,
          lemuel_crystal_altar, uniq_grum
Temple:   regret_index_temple_generic_petals

Skill      XL: |  1  2  3  4  5  6  7  8  9 |
---------------+----------------------------+-----
Fighting       | 4 5 6 7 |  7.0
Axes           | 5 6 7 8 10 11 | 11.2
Dodging        | 3 |  3.6
Armour         | 1 2 3 5 |  5.7
Stealth        | 2 |  2.2

Action                   |  1- 3 |  4- 6 |  7- 9 || total
-------------------------+-------+-------+-------++-------
Melee: Hand axe          |   119 |    60 |       ||   179
       Broad axe         |       |    72 |   245 ||   317
Invok: Whirlwind         |       |       |    31 ||    31
       Lunge             |       |       |     7 ||     7
 Abil: Wall Jump         |       |       |     2 ||     2
  Use: Scroll            |     2 |     8 |     9 ||    19
       Potion            |     1 |     2 |     4 ||     7
 Stab: Sleeping          |     2 |       |       ||     2
  Eat: Chunk             |     1 |     2 |     8 ||    11
       Ration            |       |     2 |     2 ||     4
Armor: Robe              |    13 |       |       ||    13
       Ring mail         |    11 |    35 |       ||    46
       Chain mail        |       |    26 |   110 ||   136
       Plate armour      |       |       |    27 ||    27
Dodge: Dodged            |    77 |    80 |    87 ||   244
Block: Other             |       |       |    11 ||    11
